Map: Lerilak Crest

Players

Neuro - Winner!

  • Race: Zerg Zerg

fundidorTHC

  • Race: Zerg Zerg

VOD

http://www.twitch.tv/neurostarcraft/v/3984988

Description

Time

  • Played on: April 3, 2015, 1:39 p.m.
  • Length: 4:42
Show
View Real Time Build Order
Export as new Build Order

Neuro Zerg - Winner!

Build Orders: Hatch First, Ravager All-In 

Get SALT Encoding   

  12  0:01  Drone  
  13  0:12  Overlord  
  13  0:16  Drone  
  14  0:31  Drone x2  
  16  0:36  Drone  
  17  0:54  Hatchery  
  16  0:58  Drone  
  16  0:59  Drone  
  18  1:08  Drone  
  19  1:12  Extractor  
  19  1:17  Spawning Pool  
  17  1:19  Drone  
  18  1:29  Drone  
  19  1:40  Drone  
  20  1:53  Drone  
  21  2:00  Overlord  
  21  2:05  Queen  
  21  2:06  Queen  
  21  2:08  Drone  
  26  2:11  Metabolic Boost  
  26  2:18  Drone  
  26  2:19  Drone  
  28  2:27  Drone  
  29  2:31  Drone  
  29  2:36  Drone  
  31  2:37  Roach Warren  
  31  2:39  Drone  
  31  2:46  Overlord  
  31  2:51  Drone  
  31  2:57  Overlord  
  32  3:16  Roach x5  
  32  3:17  Roach x2, Zergling x2  
  32  3:18  Zergling x4  
  49  3:24  Overlord  
  49  3:27  Zergling x2  
  49  3:28  Zergling x2  
  49  3:34  Zergling x2  
  52  3:40  Overlord  
  51  3:50  Hatchery  
  51  3:54  Zergling x2  
  51  3:55  Zergling x8  
  55  4:02  Ravager  
  54  4:15  Zergling x14  
Show
View Real Time Build Order
Export as new Build Order

fundidorTHC Zerg 

Build Orders: Hatch First 

Get SALT Encoding   

  12  0:01  Drone  
  13  0:08  Drone  
  14  0:20  Extractor  
  14  0:21  Drone  
  14  0:23  Overlord  
  15  0:42  Drone x2  
  17  0:49  Drone  
  18  0:58  Drone  
  18  1:03  Hatchery  
  18  1:13  Spawning Pool  
  18  1:14  Drone  
  18  1:17  Drone  
  19  1:27  Drone  
  20  1:38  Extractor  
  20  1:39  Drone  
  20  1:50  Overlord  
  20  2:00  Drone  
  21  2:08  Queen  
  23  2:11  Zergling x2  
  23  2:15  Drone  
  25  2:21  Drone  
  26  2:25  Queen  
  26  2:26  Overlord  
  28  2:33  Drone  
  29  2:37  Metabolic Boost  
  29  2:39  Drone  
  29  2:42  Drone  
  31  2:44  Spine Crawler  
  31  2:49  Drone  
  31  2:56  Drone  
  32  3:00  Drone, Queen  
  35  3:10  Drone, Baneling Nest  
  35  3:11  Drone  
  35  3:26  Drone x3  
  35  3:27  Drone x3, Roach Warren  
  42  3:29  Lair  
  42  3:31  Extractor  
  42  3:32  Extractor  
  39  3:40  Drone x3  
  39  3:41  Drone x2, Overlord  
  44  3:48  Evolution Chamber  
  43  3:52  Zergling x2  
  44  3:56  Overlord x2  
  44  4:00  Zergling x6  
  47  4:03  Zergling x2  
  47  4:08  Roach  
  47  4:09  Roach  
  51  4:18  Zergling x4  
  51  4:21  Roach  
Tags
 
Add a new tag
Caveats
  • Supply blocks, unpowered buildings, or Contaminate may cause inaccurate times.
  • Supply counts are checked every 10 seconds.